 Dungeon Crawl Stone Soup version 0.24.1 (webtiles) character file.

Game seed: 7041344717431584955, levelgen mode: deterministic

123 Descartes the Magician (level 4, -2/24 HPs)
             Began as a Deep Elf Air Elementalist on Apr 2, 2020.
             Killed by divine providence
             ... invoked by an orc priest
              (13 damage)
             ... on level 3 of the Dungeon.
             The game lasted 00:07:27 (2689 turns).

Descartes the Magician (Deep Elf Air Elementalist)  Turns: 2689, Time: 00:07:27

Health: -2/24      AC:  4    Str:  5    XL:     4   Next: 79%
Magic:  10/12      EV: 14    Int: 21    God:
Gold:   92         SH:  0    Dex: 15    Spells: 10/11 levels left

rFire    . . .     SeeInvis .   e - +0 long sword (vamp)
rCold    . . .     Gourm    .   (no shield)
rNeg     . . .     Faith    .   a - +0 robe
rPois    .         Spirit   .   (no helmet)
rElec    .         Reflect  .   p - +0 cloak
rCorr    .         Harm     .   b - +0 pair of gloves
MR       .....                  (no boots)
Stlth    ++........             (no amulet)
HPRegen  0.08/turn              (no ring)
MPRegen  0.13/turn              (no ring)

@: no status effects
A: no striking features
a: no special abilities


You were on level 3 of the Dungeon.
You were not hungry.

You visited 1 branch of the dungeon, and saw 3 of its levels.

You collected 92 gold pieces.

Inventory:

Hand Weapons
 e - a +0 vampiric long sword (weapon)
 f - a +2 dagger of venom
 g - a +0 dagger
Missiles
 d - 23 arrows
 l - 52 stones (quivered)
Armour
 a - a +0 robe (worn)
 b - a +0 pair of gloves (worn)
 j - a scarf of spirit shield
 p - a +0 cloak (worn)
Wands
 q - a wand of acid (5)
Scrolls
 k - a scroll of enchant weapon {unknown}
 o - a scroll of immolation {unknown}
Potions
 h - a potion of heal wounds {unknown}
 i - a potion of flight
 n - 3 potions of curing
 r - a potion of lignification {unknown}
 s - a potion of might {unknown}
Comestibles
 c - 8 rations
 m - 2 chunks of flesh


   Skills:
 + Level 3.4 Dodging
 + Level 3.6 Stealth
 + Level 4.0 Spellcasting
 + Level 2.4 Conjurations
 + Level 3.6 Air Magic


You had 10 spell levels left.
You knew the following spells:

 Your Spells              Type           Power        Failure   Level  Hunger
a - Shock                 Conj/Air       ###.         3%          1    None

Your spell library contained the following spells:

 Spells                   Type           Power        Failure   Level  Hunger
 Swiftness                Chrm/Air       ##......     9%          2    #......
 Static Discharge         Conj/Air       ###.....     11%         3    ###....
 Airstrike                Air            ###.......   26%         4    ####...
 Lightning Bolt           Conj/Air       ###.......   67%         5    ######.


Dungeon Overview and Level Annotations

Branches:
Dungeon (3/15)

Altars:


Message History

Ouch! That really hurt!
Some of the chunks of flesh in your inventory have rotted away.
Casting: Shock (safe; 3% risk of failure)
Confirm with . or Enter, or press ? or * to list all spells.
Aiming: Shock (safe; 3% risk of failure)
Press: ? - help, Shift-Dir - straight line, f - orc priest
Aim: an orc priest, wielding a +0 club (heavily wounded)
The zap hits the orc priest.
The orc priest is severely wounded.
Casting: Shock (safe; 3% risk of failure)
Confirm with . or Enter, or press ? or * to list all spells.
Aiming: Shock (safe; 3% risk of failure)
Press: ? - help, Shift-Dir - straight line, f/p - orc priest
Aim: an orc priest, wielding a +0 club (severely wounded)
The zap hits the orc priest.
The orc priest is almost dead.
The orc priest mumbles some strange prayers to Beogh against you.
Beogh smites you!
Ouch! That really hurt!
You die...

o..o.....###.#######.#
##.#####.##.#........#
#.#.###.#######
#o##.#.## #.###.## #.#
#.# #.# #.# #.# #.#
#@# #.# #.# #.# #.#
#.# #.# #.# #.###.#
#.>..#....#
#.###.##### #. #.


You could see an orc priest.

Vanquished Creatures
  4 adders (D:2)
  2 oozes
  A dart slug (D:1)
  6 leopard geckos
  A giant cockroach (D:1)
  7 goblins
  7 hobgoblins
  10 jackals
  A quokka (D:2)
  A ball python (D:1)
  8 bats
  8 frilled lizards
  5 kobolds (D:1)
  8 rats
69 creatures vanquished.

Notes
Turn   | Place    | Note
-------+----------+-------------------------------------------
     0 | D:1      | Descartes the Deep Elf Air Elementalist began the quest for
                  | the Orb.
     0 | D:1      | Reached XP level 1. HP: 10/10 MP: 6/6
   111 | D:1      | Reached XP level 2. HP: 15/15 MP: 4/8
   692 | D:1      | Reached XP level 3. HP: 19/19 MP: 7/9
  1694 | D:2      | Reached XP level 4. HP: 24/24 MP: 2/11
  2499 | D:2      | Reached skill level 4 in Spellcasting
  2689 | D:3      | Killed from afar by an orc priest

Levels and vault maps discovered:
D:1:      dpeg_arrival_subterranean_lakeside_camping, layout_loops_ring
D:2:      layout_basic
D:3:      layout_loops_ring, uniq_grinder

Skill      XL: |  1  2  3  4 |
---------------+-------------+-----
Stealth        | 3 |  3.6
Conjurations   | 2 |  2.4
Dodging        | 3 |  3.4
Spellcasting   | 4 |  4.0
Air Magic      | |  3.6

Action                   |  1- 3 |  4- 6 || total
-------------------------+-------+-------++-------
Melee: Dagger            |     7 |       ||     7
 Cast: Shock             |    86 |    48 ||   134
  Use: Scroll            |     2 |     2 ||     4
  Eat: Chunk             |     2 |     3 ||     5
Armor: Robe              |     7 |     6 ||    13
Dodge: Dodged            |    22 |     9 ||    31
       Rpst.: Long sword |       |     5 ||     5
